 Dungeon Sprint DCSS version 0.27.1-33-g824d729ab1 (webtiles) character file.

Game seed: 9205788157151983397

13062 Adenis the Warrior (level 11, -16/83 HPs)
             Began as a Minotaur Berserker on Dec 6, 2021.
             Was the Champion of Trog.
             Engulfed by a cloud of steam (18 damage)
             ... in the Dungeon (Sprint I: "Red Sonja").
             The game lasted 00:09:52 (4085 turns).

Adenis the Warrior (Minotaur Berserker)             Turns: 4085, Time: 00:09:53

Health: -16/83     AC: 12    Str: 21      XL:     11   Next: 70%
Magic:  6/6        EV: 10    Int: -4      God:    Trog [******]
Gold:   905        SH: 27    Dex:  5 (6)  Spells: 10/10 levels left

rFire    . . .     SeeInvis .   x - +5 broad axe (vorpal)
rCold    + . .     Faith    .   r - +10 tower shield of Ignorance {rN+ Int-4}
rNeg     + . .     Spirit   .   k - +3 ring mail {rC+}
rPois    .         Reflect  .   (helmet restricted)
rElec    .         Harm     .   (no cloak)
rCorr    .         Rampage  .   o - +2 pair of gloves {Stlth+}
Will     .....     Rnd*Rage +   (no boots) Stlth +++.......NoTele +
                                (no amulet)
HPRegen  0.23/turn              (no ring)
MPRegen  0.10/turn              (no ring)

@: unable to read, slowed, lost intelligence, very slow
A: horns 2, retaliatory headbutt, berserk 2, clumsy 2, deformed body,
deterioration 2, dopey 2, frail 3, low mp 3, weak 2, no potion heal 2, subdued
magic 2, inability to read while threatened
a: Renounce Religion, Berserk, Trog's Hand, Brothers in Arms


You were in the Dungeon.
You worshipped Trog.
Trog was exalted by your worship.
You visited 1 branch You collected 1941 gold pieces.
You spent 1036 gold pieces at shops.

Inventory:

Hand Weapons
 a - a +0 hand axe
 t - a +1 rapier of flaming
 u - a +4 war axe of flaming
 v - a +3 antimagic executioner's axe
 w - a +2 battleaxe
 x - a +5 vorpal broad axe (weapon)
Armour
 b - a +0 animal skin
 k - a +3 ring mail of cold resistance (worn)
 o - a +2 pair of gloves of stealth (worn)
 r - the +10 tower shield of Ignorance (worn) {rN+ Int-4}
   (You bought it in a shop in the Dungeon)

   Int:       It affects your intelligence (-4).
   rN:        It protects you from negative energy.
Wands
 c - a wand of iceblast (12)
 i - a wand of polymorph (3)
 p - a wand of charming (5)
Scrolls
 h - 2 scrolls of blinking
 m - a scroll of silence {unknown}
 n - a scroll of identify {unknown}
 q - a scroll of immolation {unknown}
Potions
 d - a potion of heal wounds
 e - a potion of haste
 f - 2 potions of magic
 g - a potion of berserk rage
 j - a potion of mutation {unknown}
 l - a potion of lignification {unknown}
 s - 2 potions of curing


   Skills:
 + Level 18.2 Fighting
 + Level 18.2 Axes
 + Level 13.2 Armour
 + Level 11.8 Dodging
 + Level 4.6 Stealth
 + Level 10.5 Shields
 + Level 6.7 Unarmed Combat


You had 10 spell levels left.
You didn't know any spells.
Your spell library was empty.

Dungeon Overview and Level Annotations

Branches:
Dungeon (1/1)

Altars:
Cheibriados
Dithmenos
Elyvilon
Fedhas
Gozag
Hepliaklqana
Kikubaaqudgha
Makhleb
Nemelex Xobeh
Okawaru
Qazlal
Ru
Sif Muna
Trog
Uskayaw
Vehumet
Wu Jian
Xom
Yredelemnul
Zin
The Shining One
Jiyva
Lugonu

Shops:
D *([(:![!=!!!*(*[??![*


Innate Abilities, Weirdness & Mutations

You have a pair of horns on your head.
You reflexively headbutt those who attack you in melee.
You often lose your temper in combat.
You are very clumsy. (Dex -4)
Armour fits poorly on your strangely shaped body.
Your body often deteriorates upon taking damage.
You are very dopey. (Int -4)
You are extremely frail. (-30% HP)
Your magical capacity is extremely low. (-30% MP)
You are very weak. (Str -4)
Potions cannot restore your health.
Your spells are easier to cast, but less powerful.
You sometimes lose the ability to read scrolls when taking damage.


Message History

You now have 770 gold pieces (gained 27).
You are engulfed in a cloud of scalding steam.
You are engulfed in a cloud of scalding steam.
You see here 27 gold pieces.
You are engulfed in a cloud of scalding steam.
Things that are here:
a +2 dagger of distortion; 2 curare-tipped darts; 27 gold pieces You are engulfed in a cloud of scalding steam.
You now have 797 gold pieces (gained 27).
You are engulfed in a cloud of scalding steam.
You are engulfed in a cloud of scalding steam.
You see here 27 gold pieces.
You are engulfed in a cloud of scalding steam.
You now have 824 gold pieces (gained 27).
You are engulfed in a cloud of scalding steam.
You are engulfed in a cloud of scalding steam.
You now have 851 gold pieces (gained 27).
You are engulfed in a cloud of scalding steam.
You are engulfed in a cloud of scalding steam.
You see here 27 gold pieces.
You are engulfed in a cloud of scalding steam.
You feel threatened and lose the ability to read scrolls!
You see here 27 gold pieces.
You are engulfed in a cloud of scalding steam.
You now have 878 gold pieces (gained 27).
You are engulfed in a cloud of scalding steam.
Your body deteriorates!
You feel clumsy.
You are engulfed in a cloud of scalding steam.
* * * LOW HITPOINT WARNING * * *
You see here 27 gold pieces.
You are engulfed in a cloud of scalding steam.
* * * LOW HITPOINT WARNING * * *
You now have 905 gold pieces (gained 27).
You are engulfed in a cloud of scalding steam.
You are engulfed in a cloud of scalding steam.
* * * LOW HITPOINT WARNING * * *
You see here 27 gold pieces.
You cannot read scrolls in your current state!
You are engulfed in a cloud of scalding steam.
You die...

####################
§§§§§...§§§#^§§§@§§#
##§.§§§##..'^§#§§§§##
##§§.#######+#§§§§$#
###+# #$)§§§# ##§§.§#
###+##


There were no monsters in sight!

Vanquished Creatures
  A hydra (D)
  2 centaur warriors (D)
  A deep troll (D)
  A lindwurm (D)
  An oklob plant (D)
  8 shining eyes (D)
  A gargoyle (D)
  4 demonic crawlers (D)
  2 kobold demonologists (D)
  A hornet (D)
  A slime creature (D)
  Sigmund (D)
  2 redbacks (D)
  A yak (D)
  13 hogs (D)
  7 floating eyes (D)
  7 necrophages (D)
  An ogre (D)
  8 jellies (D)
  Ijyb (D)
64 creatures vanquished.

Vanquished Creatures (others)
  Sonja (D)
  A gargoyle (D)
  A merfolk siren (D)
  4 hornets (D)
  2 ballistomycete spores (D)
9 creatures vanquished.

Grand Total: 73 creatures vanquished

Notes
Turn   | Place    | Note
-------+----------+-------------------------------------------
     0 | D        | Adenis the Minotaur Berserker began the quest for the Orb.
     0 | D        | Reached XP level 1. HP: 19/19 MP: 0/0
     2 | D        | Noticed Ijyb
    25 | D        | Killed Ijyb
    26 | D        | Reached skill level 5 in Fighting
    26 | D        | Reached skill level 5 in Axes
    26 | D        | Reached skill level 1 in Unarmed Combat
    26 | D        | Reached XP level 2. HP: 23/29 MP: 1/1
   197 | D        | Noticed an ogre
   200 | D        | Killed an ogre
   201 | D        | Reached XP level 3. HP: 39/39 MP: 2/2
   201 | D        | Reached XP level 4. HP: 47/47 MP: 3/3
   342 | D        | Noticed Sigmund
   347 | D        | Killed Sigmund
   347 | D        | Reached ** piety under Trog
   348 | D        | Reached skill level 5 in Armour
   348 | D        | Reached skill level 5 in Dodging
   348 | D        | Reached XP level 5. HP: 57/57 MP: 4/4
   401 | D        | Found an ornate altar of the Wu Jian Council.
   401 | D        | Found a shimmering blue altar of Sif Muna.
   403 | D        | Found a radiant altar of Vehumet.
   407 | D        | Reached XP level 6. HP: 57/66 MP: 5/5
   411 | D        | Found a burning altar of Makhleb.
   411 | D        | Found a viscous altar of Jiyva.
   411 | D        | Found a shimmering altar of Xom.
   411 | D        | Found a corrupted altar of Lugonu.
   411 | D        | Noticed a slime creature
   416 | D        | Killed a slime creature
   417 | D        | Reached skill level 10 in Fighting
   490 | D        | Noticed a kobold demonologist
   490 | D        | Noticed a floating eye
   490 | D        | Noticed a kobold demonologist
   492 | D        | Killed a floating eye
   492 | D        | Reached *** piety under Trog
   493 | D        | Reached XP level 7. HP: 74/74 MP: 6/6
   498 | D        | Killed a kobold demonologist
   500 | D        | Killed a kobold demonologist
   500 | D        | Reached **** piety under Trog
   501 | D        | Reached XP level 8. HP: 85/85 MP: 7/7
   577 | D        | Found Unoof's Weapon Emporium.
   577 | D        | Found an ancient bone altar of Kikubaaqudgha.
   577 | D        | Found a hazy altar of Hepliaklqana.
   577 | D        | Found a stormy altar of Qazlal.
   577 | D        | Found a hide-covered altar of Uskayaw.
   577 | D        | Found a blossoming altar of Fedhas.
   577 | D        | Found a bloodstained altar of Trog.
   577 | D        | Found an iron altar of Okawaru.
   577 | D        | Found a basalt altar of Yredelemnul.
   577 | D        | Found a glowing golden altar of the Shining One.
   577 | D        | Found a snail-covered altar of Cheibriados.
   577 | D        | Found a sacrificial altar of Ru.
   577 | D        | Found a glowing silver altar of Zin.
   577 | D        | Found a shadowy altar of Dithmenos.
   577 | D        | Found a white marble altar of Elyvilon.
   581 | D        | Found an opulent altar of Gozag.
   582 | D        | Found a sparkling altar of Nemelex Xobeh.
   693 | D        | Noticed a centaur warrior
   694 | D        | Noticed a centaur warrior
   706 | D        | Noticed a deep troll
   713 | D        | Killed a deep troll
   714 | D        | Reached skill level 5 in Unarmed Combat
   787 | D        | Found Urphaf's Armour Emporium.
   791 | D        | Bought a +2 pair of gloves of stealth for 301 gold pieces
   810 | D        | Killed a centaur warrior
   811 | D        | Reached skill level 15 in Axes
   811 | D        | Reached XP level 9. HP: 55/95 MP: 8/8
   818 | D        | Killed a centaur warrior
   819 | D        | Reached skill level 1 in Stealth
  1175 | D        | Reached ***** piety under Trog
  1374 | D        | Noticed an oklob plant
  1382 | D        | Killed an oklob plant
  1383 | D        | Reached skill level 15 in Fighting
  1531 | D        | Reached XP level 10. HP: 62/106 MP: 9/9
  1882 | D        | Reached skill level 10 in Armour
  1939 | D        | Reached ****** piety under Trog
  2273 | D        | Killed a gargoyle
  2360 | D        | Identified the +0 ice dragon scales of Contentment {rPois
                  | rF- rC++ Int+2}
  2372 | D        | Found Recus's Distillery.
  2372 | D        | Found Emant's Armour Shop.
  2372 | D        | Found Mugg's Jewellery Boutique.
  2374 | D        | Found Yhom's Distillery.
  2374 | D        | Found Ehen's Distillery.
  2374 | D        | Found Xioxyib's Distillery.
  2374 | D        | Found Viass's General Store.
  2374 | D        | Found Gibal's Weapon Emporium.
  2374 | D        | Found Xuidghan's General Store.
  2374 | D        | Found Tadiwnoe's Armour Shoppe.
  2378 | D        | Found Kiwis's Magic Scroll Boutique.
  2379 | D        | Found Tarafyik's Distillery.
  2379 | D        | Found Uhoihoeq's Magic Scroll Boutique.
  2380 | D        | Found Pompeovo's Assorted Antiques.
  2382 | D        | Bought a scroll of blinking for 105 gold pieces
  2395 | D        | Bought the +10 tower shield of Ignorance {rN+ Int-4} for
                  | 630 gold pieces
  2395 | D        | Found the +10 tower shield of Ignorance {rN+ Int-4}
  2400 | D        | Lost intelligence.
  2452 | D        | Noticed Sonja
  2470 | D        | Killed Sonja
  2471 | D        | Reached skill level 1 in Shields
  2761 | D        | Found Vyhifeag's Assorted Antiques.
  2826 | D        | Noticed a shining eye
  2826 | D        | Noticed a shining eye
  2826 | D        | Noticed a shining eye
  2827 | D        | Paralysed by a floating eye for 2 turns
  2830 | D        | Paralysed by a floating eye for 3 turns
  2834 | D        | Reached skill level 10 in Dodging
  2835 | D        | Paralysed by a floating eye for 4 turns
  2843 | D        | Noticed a shining eye
  2843 | D        | Noticed a shining eye
  2843 | D        | Noticed a shining eye
  2847 | D        | Paralysed by a floating eye for 4 turns
  2854 | D        | Received a gift from Trog
  2854 | D        | Gained mutation: You are frail. (-10% HP) [a shining eye]
  2861 | D        | Gained mutation: You are dopey. (Int -2) [a shining eye]
  2862 | D        | Gained mutation: Your body sometimes deteriorates upon
                  | taking damage. [a shining eye]
  2865 | D        | Gained mutation: Your muscles are strong. (Str +2) [a
                  | shining eye]
  2866 | D        | Killed a shining eye
  2871 | D        | Gained mutation: Your magical capacity is low. (-10% MP) [a
                  | shining eye]
  2873 | D        | Killed a shining eye
  2879 | D        | Gained mutation: Your body often deteriorates upon taking
                  | damage. [a shining eye]
  2880 | D        | Gained mutation: Your magical capacity is very low. (-20%
                  | MP) [a shining eye]
  2881 | D        | Gained mutation: You are very frail. (-20% HP) [a shining
                  | eye]
  2884 | D        | Killed a shining eye
  2884 | D        | Gained mutation: You are clumsy. (Dex -2) [a shining eye]
  2889 | D        | Gained mutation: Potions are less effective at restoring
                  | your health. [a shining eye]
  2891 | D        | Gained mutation: Your magical capacity is extremely low.
                  | (-30% MP) [a shining eye]
  2893 | D        | Gained mutation: You are very dopey. (Int -4) [a shining
                  | eye]
  2896 | D        | Gained mutation: You do not regenerate when monsters are
                  | visible. [a shining eye]
  2897 | D        | Killed a shining eye
  2897 | D        | Gained mutation: Armour fits poorly on your strangely
                  | shaped body. [a shining eye]
  2898 | D        | Gained mutation: You tend to lose your temper in combat. [a
                  | shining eye]
  2900 | D        | Gained mutation: You sometimes lose the ability to read
                  | scrolls when taking damage. [a shining eye]
  2901 | D        | Gained mutation: You are extremely frail. (-30% HP) [a
                  | shining eye]
  2902 | D        | Killed a shining eye
  2903 | D        | Reached skill level 5 in Shields
  3008 | D        | Noticed a shining eye
  3008 | D        | Noticed a shining eye
  3009 | D        | Lost mutation: Your muscles are strong. (Str +2) [a shining
                  | eye]
  3011 | D        | Gained mutation: Your spells are a little easier to cast,
                  | but a little less powerful. [a shining eye]
  3014 | D        | Gained mutation: You are weak. (Str -2) [a shining eye]
  3015 | D        | Gained mutation: You are very weak. (Str -4) [a shining
                  | eye]
  3016 | D        | Killed a shining eye
  3017 | D        | Reached XP level 11. HP: 81/81 MP: 6/6
  3017 | D        | Lost mutation: You tend to lose your temper in combat. [a
                  | shining eye]
  3018 | D        | Gained mutation: You tend to lose your temper in combat. [a
                  | shining eye]
  3019 | D        | Gained mutation: You are very clumsy. (Dex -4) [a shining
                  | eye]
  3023 | D        | Gained mutation: You often lose your temper in combat. [a
                  | shining eye]
  3024 | D        | Gained mutation: Your spells are easier to cast, but less
                  | powerful. [a shining eye]
  3025 | D        | Killed a shining eye
  3025 | D        | Received a gift from Trog
  3026 | D        | Gained mutation: Potions cannot restore your health. [a
                  | shining eye]
  3030 | D        | Lost mutation: You do not regenerate when monsters are
                  | visible. [a shining eye]
  3032 | D        | Killed a shining eye
  3161 | D        | Found Edygi's Antique Weapon Shoppe.
  3161 | D        | Found Hekhlouri's Distillery.
  3161 | D        | Found Byzxy's Antique Armour Emporium.
  3162 | D        | Found Xyitot's Book Shop.
  3564 | D        | Received a gift from Trog
  3569 | D        | Noticed a lindwurm
  3576 | D        | Killed a lindwurm
  3792 | D        | Received a gift from Trog
  4011 | D        | Noticed a 12-headed hydra
  4011 | D        | Paralysed by a floating eye for 2 turns
  4015 | D        | Reached skill level 10 in Shields
  4016 | D        | Killed a ten-headed hydra
  4016 | D        | Received a gift from Trog
  4084 | D        | HP: 1/83 [something (17)]
  4085 | D        | Engulfed by a cloud of steam

Illustrated notes

Levels and vault maps discovered:
D:        dungeon_sprint_1 [red_sonja_temple_1, red_sonja_temple_small_1]

Skill      XL: |  1  2  3  4  5  6  7  8  9 10 11 |
---------------+----------------------------------+-----
Fighting       | 5 7 9 11 12 14 15 16 18 | 18.2
Axes           | 5 7 9 11 13 15 16 17 18 | 18.2
Armour         | 3 4 5 6 7 8 9 12 13 | 13.2
Dodging        | 3 4 5 6 7 8 9 10 11 | 11.8
Unarmed Combat | 1 2 3 4 5 6 |  6.7
Stealth        | 1 4 |  4.6
Shields        | 5 10 | 10.5

Action                   |  1- 3 |  4- 6 |  7- 9 | 10-12 || total
-------------------------+-------+-------+-------+-------++-------
Melee: Unarmed           |    22 |       |       |       ||    22
       Hand axe          |     2 |     9 |    50 |   127 ||   188
       Headbutt          |     1 |     5 |    13 |    45 ||    64
       Punch             |       |     1 |     1 |     1 ||     3
       War axe           |       |       |       |    61 ||    61
Invok: Berserk           |     1 |     3 |     6 |     6 ||    16
  Use: Potion            |       |       |       |     1 ||     1
 Stab: Sleeping          |       |       |     1 |       ||     1
Armor: Skin              |     2 |       |       |       ||     2
       Ring mail         |       |     2 |    18 |    53 ||    73
Dodge: Dodged            |    10 |     3 |    19 |    50 ||    82
Block: Tower shield      |       |       |       |   133 ||   133
